 Dungeon Crawl Stone Soup version 0.21-a0-507-ga8f6b7a (webtiles) character file.

21793 Ijustatesigmund the Covert (level 12, -4/84 HPs)
             Began as an Octopode Assassin on Nov 24, 2017.
             Was an Elder of Okawaru.
             Killed from afar by a steam dragon (16 damage)
             ... with a ball of steam
             ... on level 11 of the Dungeon on Nov 27, 2017.
             The game lasted 00:43:47 (13891 turns).

Ijustatesigmund the Covert (Octopode Assassin)     Turns: 13891, Time: 00:43:49

Health: -4/84      AC:  1    Str: 21    XL:     12   Next: 93%
Magic:  26/27      EV: 25    Int: 18    God:    Okawaru [****..]
Gold:   416        SH: 19    Dex: 17    Spells: 11/11 levels left

rFire    . . .     SeeInvis .   a - +5 dagger (flame)
rCold    + . .     Gourm    .   R - +0 large shield {rC+}
rNeg     . . .     Faith    .   (helmet restricted)
rPois    .         Spirit   .   C - amulet of rage
rElec    .         Reflect  .   e - +5 ring of strength
rCorr    .         Harm     .   j - +3 ring of evasion
MR       .....                  x - +4 ring of intelligence
Stlth    +++++++...             w - ring of magical power
HPRegen  0.24/turn              J - +5 ring of strength
MPRegen  0.20/turn              (no ring)
                                (no ring)
                                (no ring)

@: heroism
A: almost no armour, stealthy swim, amphibious, 8 rings, constrict 8, camouflage
1, gelatinous body 1
a: Heroism, Renounce Religion, Evoke Berserk Rage


You were on level 11 of the Dungeon.
You worshipped Okawaru.
Okawaru was greatly pleased with you.
You were hungry.

You visited 2 branches of the dungeon, and saw 12 of its levels.
You also visited: Sewer and Ossuary.

You collected 626 gold pieces.
You spent 210 gold pieces at shops.

Inventory:

Hand Weapons
 a - a +5 dagger of flaming (weapon)
 b - a +0 blowgun
Missiles
 l - 44 poisoned needles
 N - 2 needles of paralysis
 S - 4 needles of confusion
Armour
 d - a +3 shield
 R - a +0 large shield of cold resistance (worn)
Jewellery
 e - a +5 ring of strength (left tentacle)
 j - a +3 ring of evasion (right tentacle)
 w - a ring of magical power (on tentacle)
 x - a +4 ring of intelligence (on tentacle)
 C - an amulet of rage (around mantle)
 J - a +5 ring of strength (on tentacle)
 L - an uncursed amulet of magic regeneration
Wands
 g - a wand of random effects (37)
 p - a wand of acid (8)
 u - a wand of clouds (1)
 v - a wand of polymorph (62)
 y - a wand of disintegration (10)
 G - a wand of paralysis (16)
Scrolls
 k - 8 scrolls of remove curse
 n - a scroll of teleportation
 q - a scroll of blinking
 z - 2 scrolls of fear
 B - a scroll of enchant armour
 D - 2 scrolls of amnesia
 F - a scroll of fog
 I - 2 scrolls of immolation
 K - 3 scrolls of magic mapping
Potions
 c - a potion of cancellation
 h - 4 potions of curing
 m - 4 potions of lignification
 o - 3 potions of agility
 r - a potion of invisibility
 s - 2 potions of flight
 t - a potion of berserk rage
 A - 3 potions of resistance
 H - 2 potions of ambrosia
 O - a potion of magic
 Q - a potion of brilliance {unknown}
Books
 E - a Young Poisoner's Handbook

   Spells                             Type                      Level
   a - Sting                          Conjuration/Poison           1
   b - Poisonous Vapours              Poison/Air                   2
   c - Mephitic Cloud                 Conjuration/Poison/Air       3
   d - Olgreb's Toxic Radiance        Poison                       4
   e - Venom Bolt                     Conjuration/Poison           5
Comestibles
 f - 6 bread rations
 i - 6 meat rations
 M - 7 royal jellies


   Skills:
 - Level 8.8(13.8) Fighting
 - Level 9.4(14.4) Short Blades
 - Level 3.6(8.6) Throwing
 + Level 9.9(14.9) Dodging
 - Level 10.6(15.6) Stealth
 - Level 7.8(12.8) Shields
 + Level 9.2 Invocations
 - Level 4.4 Evocations


You had 11 spell levels left.
You didn't know any spells.

Dungeon Overview and Level Annotations

Branches:
Dungeon (11/15)            Temple (1/1) D:5            Lair (0/6) D:11
    Orc: D:9-12

Altars:
Ashenzari
Cheibriados
Dithmenos
Elyvilon
Fedhas
Gozag
Hepliaklqana
Kikubaaqudgha
Makhleb
Nemelex Xobeh
Okawaru
Qazlal
Ru
Sif Muna
Trog
Uskayaw
Vehumet
Wu Jian
Xom
Yredelemnul
Zin
The Shining One
Lugonu

Shops:
D:9 }?


Innate Abilities, Weirdness & Mutations

You cannot wear most types of armour.
You are very stealthy in the water. (Stealth+)
You are amphibious.
You can wear up to eight rings at the same time.
You can use your tentacles to constrict eight enemies at once.
Your skin changes colour to match your surroundings (Stealth+).
Your rubbery body absorbs attacks. (AC +1, EV +1)


Message History

You hit the steam dragon. You burn the steam dragon.
You squeeze the steam dragon, but do no damage.
The steam dragon is severely wounded.
You are engulfed in a cloud of scalding steam.
The crimson imp blinks!
You block the steam dragon's attack. The steam dragon claws you.
* * * LOW HITPOINT WARNING * * *
You hit the steam dragon. You burn the steam dragon.
You tentacle-slap the steam dragon.
The steam dragon is almost dead.
You are engulfed in a cloud of scalding steam.
* * * LOW HITPOINT WARNING * * *
You barely miss the steam dragon. Your squeeze misses the steam dragon.
The steam dragon is almost dead.
You are engulfed in a cloud of scalding steam.
* * * LOW HITPOINT WARNING * * *
The crimson imp closely misses you. The steam dragon breathes steam at you.
The ball of steam hits you!
You die...

.'.........'...........
###...[.....####...#####
##.......## #..##
##.....## ##.#######
##...## #...##.... ##'##
#.#....... #§#
#...#..#.. #5#
###.###..# #@# #.# #.##
#?D.# #.# #... ...$...
#.# #≈.. ###......# #.#
#..P ......... ..# #.##
##......### #####..#
##.....# #.#.. .....##
#.... #.# #....


You could see a steam dragon and a crimson imp.

Vanquished Creatures
  3 two-headed ogres
  The ghost of Daviar the Blocker, a novice FoFi (D:8)
  12 wizards (D:10)
  Pikel (D:5)
  A manticore (D:11)
  An ugly thing (D:10)
  Joseph (D:7)
  A gargoyle (D:10)
  A komodo dragon (D:11)
  3 polar bears (D:8)
  A troll (D:9)
  2 tengu conjurers (D:10)
  A hornet (D:9)
  8 hippogriffs
  7 yaks
  A wyvern (D:10)
  Sigmund (D:2)
  A hog (D:8)
  Menkaure (D:4)
  An acid dragon (D:11)
  A soldier ant (D:8)
  A water moccasin (D:9)
  Purgy (Sewer)
  4 orc warriors
  An eye of draining (D:9)
  A phantom (D:11)
  3 sky beasts
  3 ice beasts
  5 black bears
  8 ogres
  A wolf (D:8)
  The ghost of Autsider the Gusty, an amateur DrAE (D:3)
  8 centaurs
  A crocodile (D:8)
  3 big kobolds
  Blork the orc (D:5)
  5 bullfrogs
  9 scorpions
  3 killer bees (D:10)
  5 wights
  An electric eel (D:10)
  4 crimson imps
  3 centaur zombies
  6 jellies
  Crazy Yiuf (D:2)
  5 orc priests
  A bullfrog skeleton (D:6)
  7 hounds
  6 orc wizards
  A centaur skeleton (D:9)
  4 human zombies (Ossuary)
  Ijyb (D:3)
  3 iguanas
  Natasha (twice) (D:4)
  8 worker ants
  A big kobold zombie (Ossuary)
  A hound skeleton (D:7)
  3 mummies
  A river rat (D:3)
  4 scorpion zombies (Ossuary)
  9 adders
  A shadow imp (D:10)
  7 oozes
  An adder skeleton (D:10)
  An adder zombie (D:9)
  4 worms
  4 dart slugs
  11 leopard geckos
  36 orcs
  3 ball pythons
  6 bats
  6 giant cockroaches
  2 gnoll zombies (Ossuary)
  9 goblins
  13 hobgoblins
  A jackal (D:1)
  18 kobolds
  2 quokkas
  A ball python zombie (D:6)
  6 frilled lizards
  2 goblin zombies (Ossuary)
  2 hobgoblin zombies (Ossuary)
  A jackal skeleton (D:4)
  A kobold zombie (Ossuary)
  2 leopard gecko skeletons
  3 orc zombies (Ossuary)
  2 quokka skeletons (D:5)
  11 rats
342 creatures vanquished.

Vanquished Creatures (others)
  A mummy (Ossuary)
  An adder (D:3)
  An adder skeleton (D:10)
3 creatures vanquished.

Grand Total: 345 creatures vanquished

Notes
Turn   | Place    | Note
-------+----------+-------------------------------------------
     0 | D:1      | Ijustatesigmund the Octopode Assassin began the quest for the Orb.
     0 | D:1      | Reached XP level 1. HP: 14/14 MP: 1/1
    51 | D:1      | Reached XP level 2. HP: 5/19 MP: 2/2
   454 | D:1      | Reached XP level 3. HP: 24/24 MP: 3/3
  1211 | D:2      | Found an ornate altar of the Wu Jian Council.
  1270 | D:2      | Reached XP level 4. HP: 30/30 MP: 4/4
  1297 | D:2      | Found a shadowy altar of Dithmenos.
  1360 | D:2      | Noticed Sigmund
  1376 | D:2      | Killed Sigmund
  1376 | D:2      | Reached XP level 5. HP: 35/35 MP: 5/5
  1710 | D:2      | Reached XP level 6. HP: 41/41 MP: 6/6
  1744 | D:2      | Found a runed door.
  1748 | D:2      | Noticed Crazy Yiuf
  1752 | D:2      | Killed Crazy Yiuf
  1939 | D:3      | Noticed Ijyb
  1939 | D:3      | Noticed Autsider's ghost (amateur DrAE)
  2259 | D:3      | Found a glowing golden altar of the Shining One.
  2259 | D:3      | Noticed an angel
  2264 | D:3      | Killed Ijyb
  2274 | D:3      | Found a basalt altar of Yredelemnul.
  2276 | D:3      | Noticed a profane servitor
  2370 | D:3      | Found a bloodstained altar of Trog.
  2513 | D:3      | Killed Autsider's ghost
  2513 | D:3      | Reached XP level 7. HP: 24/48 MP: 7/7
  2591 | D:3      | Found a glowing drain.
  2595 | Sewer    | Entered a sewer
  2745 | Sewer    | Noticed Purgy
  2757 | Sewer    | Killed Purgy
  3271 | D:4      | Noticed Menkaure
  3278 | D:4      | Killed Menkaure
  3278 | D:4      | Reached skill level 5 in Fighting
  3278 | D:4      | Reached XP level 8. HP: 55/55 MP: 8/8
  3379 | D:4      | Found a white marble altar of Elyvilon.
  3412 | D:4      | Noticed Natasha
  3416 | D:4      | Killed Natasha
  3417 | D:4      | Found a sacrificial altar of Ru.
  3529 | D:4      | Noticed Natasha
  3537 | D:4      | Killed Natasha
  3685 | D:4      | Found a sparkling altar of Nemelex Xobeh.
  3715 | D:5      | Entered Level 5 of the Dungeon
  3820 | D:5      | Noticed Blork the orc
  3826 | D:5      | Killed Blork the orc
  4144 | D:5      | Found a staircase to the Ecumenical Temple.
  4179 | D:5      | Reached skill level 5 in Short Blades
  4429 | D:5      | Found an ancient bone altar of Kikubaaqudgha.
  4429 | D:5      | Found a burning altar of Makhleb.
  4822 | D:6      | Reached XP level 9. HP: 61/62 MP: 9/9
  4886 | D:6      | Noticed Pikel
  4920 | D:5      | Killed Pikel
  4920 | D:5      | Reached skill level 6 in Stealth
  4920 | D:5      | Reached skill level 5 in Shields
  5312 | D:7      | Reached skill level 7 in Stealth
  5641 | D:7      | Found a glowing golden altar of the Shining One.
  5756 | D:7      | Noticed Joseph
  5771 | D:7      | Killed Joseph
  6148 | D:7      | Upgraded the game from 0.21-a0-498-g1b60429 to 0.21-a0-507-ga8f6b7a
  6235 | D:7      | Reached XP level 10. HP: 71/71 MP: 10/10
  6259 | D:7      | Found a hide-covered altar of Uskayaw.
  6371 | D:7      | Found a snail-covered altar of Cheibriados.
  6521 | D:8      | Reached skill level 8 in Stealth
  6552 | D:8      | Noticed a two-headed ogre
  6568 | D:8      | Killed a two-headed ogre
  6582 | D:8      | Noticed a two-headed ogre
  6632 | D:8      | Noticed Daviar's ghost (novice FoFi)
  6687 | D:8      | Found a sand-covered staircase.
  6701 | Ossuary  | Entered an ossuary
  7070 | Ossuary  | Reached skill level 1 in Evocations
  7200 | Ossuary  | Reached skill level 9 in Stealth
  7923 | D:8      | Found a hazy altar of Hepliaklqana.
  7944 | D:8      | Killed Daviar's ghost
  8055 | D:8      | Found a huge runed gate.
  8055 | D:8      | Found a huge runed gate.
  8055 | D:8      | Found a huge runed gate.
  8055 | D:8      | Found a huge runed gate.
  8085 | D:8      | Reached XP level 11. HP: 72/77 MP: 13/13
  8087 | D:8      | Reached skill level 10 in Stealth
  8417 | D:8      | Killed a two-headed ogre
  8711 | D:8      | Reached skill level 5 in Dodging
  9141 | Temple   | Entered the Ecumenical Temple
  9173 | Temple   | Became a worshipper of Warmaster Okawaru
  9299 | D:9      | Found a blossoming altar of Fedhas.
  9317 | D:9      | Reached skill level 1 in Invocations
  9495 | D:9      | Found Sifovoix's Magic Scroll Shoppe.
  9503 | D:9      | Bought a scroll of identify for 28 gold pieces
  9503 | D:9      | Bought a scroll of identify for 28 gold pieces
  9503 | D:9      | Bought a scroll of enchant armour for 105 gold pieces
  9503 | D:9      | Bought a scroll of magic mapping for 49 gold pieces
  9905 | D:9      | Found Xuff's Gadget Emporium.
 10432 | D:10     | Entered Level 10 of the Dungeon
 10837 | D:10     | Reached * piety under Okawaru
 10849 | D:10     | Noticed a red ugly thing
 10853 | D:10     | Noticed a wizard
 10868 | D:10     | Killed a red ugly thing
 10873 | D:10     | Killed a wizard
 11048 | D:10     | Noticed a wizard
 11056 | D:10     | Killed a wizard
 11202 | D:10     | Noticed a wizard
 11204 | D:10     | Reached ** piety under Okawaru
 11209 | D:10     | Killed a wizard
 11209 | D:10     | Reached skill level 5 in Invocations
 11209 | D:10     | Reached XP level 12. HP: 84/84 MP: 15/15
 11243 | D:10     | Paralysed by a wizard for 4 turns
 11447 | D:10     | Found the +3 warlock's mirror {reflect}
 11454 | D:10     | Reached *** piety under Okawaru
 11489 | D:10     | Identified a scroll of acquirement
 11566 | D:10     | Received a gift from Okawaru
 11955 | D:10     | Noticed a two-headed ogre
 11981 | D:10     | Killed a two-headed ogre
 11981 | D:10     | Reached **** piety under Okawaru
 12293 | D:10     | Received a gift from Okawaru
 13345 | D:11     | Found a shimmering altar of Xom.
 13345 | D:11     | Found a shimmering altar of Xom.
 13345 | D:11     | Found a shimmering altar of Xom.
 13346 | D:11     | Found a shimmering altar of Xom.
 13347 | D:11     | Found a shimmering altar of Xom.
 13347 | D:11     | Found a shimmering altar of Xom.
 13357 | D:11     | Found a shimmering altar of Xom.
 13420 | D:11     | HP: 1/84 [orc warrior/halberd (14)]
 13794 | D:11     | Found a staircase to the Lair.
 13891 | D:11     | Killed from afar by a steam dragon

Vault maps used:
D:1:      shiori_arrival_oz, minivault_27, serial_park_tiny_1,
          minmay_split_cup_large
D:2:      lemuel_doored_altar, grunt_dithmenos_smoke_and_mirrors,
          uniq_crazy_yiuf_cottage, uniq_sigmund
D:3:      grunt_temple_overflow_holy_war, lightli_temple_of_fire,
          gup_sewer_entry_spiral, uniq_ijyb
D:4:      nemelex_altar_shiori, kennysheep_little_box,
          nicolae_ru_sacrificial_ziggurat, minmay_misc_feat_enclosed,
          uniq_natasha, uniq_menkaure
D:5:      amethyst_overflow_temple_binary, minmay_temple_entry_mist,
          first_bread, sigmund_army, uniq_blork_the_orc
D:6:      uniq_pikel
D:7:      lemuel_round_altar, slow_altar_2, basic_altar, uniq_joseph
D:8:      lemuel_bear_cage, nicolae_overflow_crystal_walls,
          nicolae_ossuary_entry_false_entrances
D:9:      fedhas_altar_1, serial_shops, shop_scrolls,
          hangedman_little_slice_of_home, kennysheep_windowed_goal
D:10:     minmay_smoke_and_mirrors, serial_bayou, serial_bayou_pond_b,
          serial_bayou_pond_a, serial_bayou_pond_e, serial_bayou_shore_b,
          hangedman_abyss_or_decor_lesser_grid
D:11:     dpeg_oklobed_lair, xom_shifter_show
Temple:   corrupted_temple
Sewer:    kennysheep_door_sewer
Ossuary:  ossuary_minmay_scorpions

Skill      XL: |  1  2  3  4  5  6  7  8  9 10 11 12 |
---------------+-------------------------------------+-----
Shields        | 3 4 5 7 |  7.8
Dodging        | 2 3 4 7 9 |  9.9
Fighting       | 4 5 6 7 8 |  8.8
Short Blades   | 3 5 7 8 9 |  9.4
Throwing       | 3 |  3.6
Stealth        | 7 9 10 | 10.6
Evocations     | 3 4 |  4.4
Invocations    | 5 9 |  9.2

Action                   |  1- 3 |  4- 6 |  7- 9 | 10-12 || total
-------------------------+-------+-------+-------+-------++-------
Melee: Dagger            |    58 |    99 |   242 |   589 ||   988
       Tentacles         |    12 |    24 |    63 |   203 ||   302
       Constrict         |    16 |    19 |    43 |    75 ||   153
       Unarmed           |       |       |     1 |       ||     1
       Punch             |       |       |       |     4 ||     4
 Fire: Blowgun           |       |    13 |     3 |       ||    16
Invok: Heroism           |       |       |       |     6 ||     6
 Abil: Evoke Berserk Rag |       |       |       |     3 ||     3
Evoke: Wand              |       |       |     2 |    12 ||    14
  Use: Scroll            |     5 |     5 |     5 |    21 ||    36
       Potion            |       |     1 |       |     5 ||     6
 Stab: Sleeping          |     7 |     5 |    24 |    31 ||    67
       Distracted        |       |     1 |     2 |     4 ||     7
       Paralysed         |       |       |       |     3 ||     3
  Eat: Chunk             |     1 |     4 |     7 |    14 ||    26
       Fruit             |       |       |     5 |     3 ||     8
       Royal jelly       |       |       |       |     5 ||     5
Armor: Skin              |     3 |     3 |     3 |     6 ||    15
Dodge: Dodged            |    34 |    42 |    99 |   180 ||   355
Block: Buckler           |     1 |       |       |       ||     1
       Shield            |       |    40 |   120 |   146 ||   306
       Large shield      |       |       |       |   117 ||   117

Table legend:
 A = Spawn XP
 B = Non-spawn XP
 C = Spawn XP percentage of total XP
 D = Spawn monster count
 E = Non-spawn monster count
 F = Spawn count percentage of total count
 G = Total turns spent on level
                    A         B        C        D         E        F      G
               +---------+---------+-------+---------+---------+-------+---------
         Total |       0 |   31133 |   0.0 |       0 |     342 |   0.0 | 13891
               +---------+---------+-------+---------+---------+-------+---------
           D:1 |       0 |      54 |   0.0 |       0 |      24 |   0.0 |  1036
           D:2 |       0 |     312 |   0.0 |       0 |      23 |   0.0 |   943
           D:3 |       0 |     408 |   0.0 |       0 |      49 |   0.0 |   844
           D:4 |       0 |     426 |   0.0 |       0 |      14 |   0.0 |   666
           D:5 |       0 |    1393 |   0.0 |       0 |      21 |   0.0 |  1141
           D:6 |       0 |     376 |   0.0 |       0 |      16 |   0.0 |   458
           D:7 |       0 |    1630 |   0.0 |       0 |      19 |   0.0 |  1299
           D:8 |       0 |    7912 |   0.0 |       0 |      47 |   0.0 |  1867
           D:9 |       0 |    1827 |   0.0 |       0 |      29 |   0.0 |  1188
          D:10 |       0 |   13686 |   0.0 |       0 |      45 |   0.0 |  2925
          D:11 |       0 |    2219 |   0.0 |       0 |      21 |   0.0 |   534
         Sewer |       0 |     142 |   0.0 |       0 |       6 |   0.0 |   226
       Ossuary |       0 |     748 |   0.0 |       0 |      28 |   0.0 |   717
               +---------+---------+-------+---------+---------+-------+---------
